 Dungeon Crawl Stone Soup version 0.27-a0-1595-g0b823d0a13 (webtiles) character file.

Game seed: 12456077859161440482

141 Anon1729 the Insei (level 5, -9/41 HPs)
             Began as a Merfolk Monk on July 20, 2021.
             Mangled by a wyvern zombie (13 damage)
             ... on level 3 of the Dungeon.
             The game lasted 00:02:18 (3428 turns).

Anon1729 the Insei (Merfolk Monk)                   Turns: 3428, Time: 00:02:18

Health: -9/41      AC:  2    Str:  9 (12) XL:     5   Next: 24%
Magic:  5/5        EV: 13    Int:  9 (10) God:
Gold:   111        SH:  5    Dex: 13 (16) Spells: 4/4 levels left

rFire    . . .     SeeInvis .     - Unarmed
rCold    . . .     Faith    .   (no shield)
rNeg     . . .     Spirit   .   a - +0 robe
rPois    .         Reflect  +   (no helmet)
rElec    .         Harm     .   (no cloak)
rCorr    .         Rampage  .   (no gloves)
Will     .....                  (no boots)
Stlth    ++........             e - amulet of reflection
HPRegen  0.13/turn              (no ring)
MPRegen  0.09/turn              (no ring)

@: no status effects
A: (nimble swimmer 2), mertail
a: no special abilities


You were on level 3 of the Dungeon.
You visited 1 branch of the dungeon, and saw 3 of its levels.

You collected 111 gold pieces.

Inventory:

Missiles
 j - 11 poisoned darts (quivered)
Armour
 a - a +0 robe (worn)
Jewellery
 e - an amulet of reflection (around neck)
Scrolls
 d - 2 scrolls of identify {unknown}
 f - 2 scrolls of noise {unknown}
Potions
 b - a potion of haste {unknown}
 c - a potion of flight {unknown}
 g - a potion of degeneration
 h - a potion of invisibility {unknown}


   Skills:
 - Level 3.3 Fighting
 - Level 4.0 Dodging
 - Level 2.2 Stealth
 + Level 6.2 Unarmed Combat


You had 4 spell levels left.
You didn't know any spells.
Your spell library was empty.

Dungeon Overview and Level Annotations

Branches:
Dungeon (3/15)

Altars:
Qazlal

Annotations:
D:2 1 runed translucent door, Crazy Yiuf


Innate Abilities, Weirdness & Mutations

((You are quick and stealthy near water. (Stealth+, EV+, Speed+++)))
Your lower body shifts to a powerful aquatic tail in water.


Message History

You open the door.
There is an open door here.
You close the door.
Press: ? - help, . - travel You can't see that place. [the floor.]
You open the door.
The wyvern zombie bites you but does no damage.
The wyvern zombie bites you.
You barely miss the wyvern zombie. You block the wyvern zombie's attack.
You barely miss the wyvern zombie. The wyvern zombie barely misses you.
You punch the wyvern zombie!
The wyvern zombie is lightly damaged.
The wyvern zombie closely misses you. The wyvern zombie bites you.
You hit the wyvern zombie but do no damage.
The wyvern zombie is lightly damaged.
The wyvern zombie barely misses you.
You hit the wyvern zombie.
The wyvern zombie is moderately damaged.
You block the wyvern zombie's attack.
You hit the wyvern zombie but do no damage.
The wyvern zombie is moderately damaged.
The wyvern zombie bites you.
You hit the wyvern zombie.
The wyvern zombie is moderately damaged.
The wyvern zombie bites you!
You hit the wyvern zombie but do no damage.
The wyvern zombie is moderately damaged.
The wyvern zombie bites you!
You are too injured to fight recklessly!
You are too injured to fight recklessly!
You are too injured to fight recklessly!
Okay, then.
It was a potion of degeneration.
There was something very wrong with that liquid.
You feel weakened.
You feel dopey.
You feel clumsy. The wyvern zombie bites you!
* * * LOW HITPOINT WARNING * * *
The wyvern zombie bites you!
You die...

#≈#≈#≈.≈^≈≈..# #........#
.^≈##≈.^.#^..# #........#
....^..^.≈^#.# #........#
.......#####.#########........#
######## #..................#
#######............#
#............#
######################†.......#
................@Z...'........+
....#######'##########..(.....#
.....# #........# #........#
...#.## #........# #........#
+###..# #........# .........#
.# ##.## #........# ......<..#
.####..# #......>.# ...##...#
.......###........# ### +##
........##........#


You could see a wyvern zombie.

Vanquished Creatures
  A scorpion (D:3)
  2 adders
  3 orcs
  6 ball pythons
  4 bats (D:1)
  9 endoplasms
  2 giant cockroaches
  3 goblins
  4 hobgoblins
  6 jackals
  3 frilled lizards
  6 kobolds
  3 rats
52 creatures vanquished.

Notes
Turn   | Place    | Note
-------+----------+-------------------------------------------
     0 | D:1      | Anon1729 the Merfolk Monk began the quest for the Orb.
     0 | D:1      | Reached XP level 1. HP: 18/18 MP: 1/1
   194 | D:1      | Reached XP level 2. HP: 11/24 MP: 2/2
   487 | D:1      | Reached skill level 4 in Unarmed Combat
  1064 | D:1      | Reached XP level 3. HP: 29/29 MP: 3/3
  1651 | D:2      | Found a runed translucent door.
  1652 | D:2      | Noticed Crazy Yiuf
  2266 | D:2      | Reached skill level 5 in Unarmed Combat
  2350 | D:2      | Reached XP level 4. HP: 35/35 MP: 4/4
  2764 | D:3      | Found a stormy altar of Qazlal.
  2981 | D:3      | Found a faded altar of an unknown god.
  3299 | D:3      | Noticed a scorpion
  3402 | D:3      | Killed a scorpion
  3403 | D:3      | Reached skill level 6 in Unarmed Combat
  3403 | D:3      | Reached XP level 5. HP: 41/41 MP: 5/5
  3428 | D:3      | Mangled by a wyvern zombie

Illustrated notes

Levels and vault maps discovered:
D:1:      onia_arrival_pyramid, layout_basic
D:2:      layout_basic, serial_glass, glass_columns_c, glass_columns_b,
          glass_columns_a, glass_columns_a, glass_columns_a, glass_columns_b,
          uniq_crazy_yiuf_cottage
D:3:      layout_basic, nicolae_overflow_crystal_walls, grunt_qazlal_sundering,
          shapermc_ecumenical_altar_acropolis, minmay_stone_trees_small

Skill      XL: |  1  2  3  4 |
---------------+-------------+-----
Unarmed Combat | 4 5 6 |  6.2
Fighting       | |  3.3
Dodging        | |  4.0
Stealth        | |  2.2

Action                   |  1- 3 |  4- 6 || total
-------------------------+-------+-------++-------
Melee: Unarmed           |   122 |    49 ||   171
       Punch             |     1 |       ||     1
Throw: Dart              |       |     3 ||     3
       Throwing net      |       |     1 ||     1
  Use: Potion            |       |     1 ||     1
 Stab: Sleeping          |     3 |     1 ||     4
Armor: Robe              |    24 |     8 ||    32
Dodge: Dodged            |    77 |    22 ||    99
Block: Other             |     7 |     7 ||    14
       Reflection        |     1 |     1 ||     2

Table legend: (Time is in decaauts)
 A = Elapsed time spent in this place.
 B = Non-inter-level travel time spent in this place.
 C = Inter-level travel time spent in this place.
 D = Time resting spent in this place.
 E = Time spent auto-exploring this place.
 F = Levels seen in this place.
 G = Mean time per level.
                   A        B        C        D        E       F      G
               +--------+--------+--------+--------+--------+-----+--------+
         Total |   3410 |   3358 |     52 |    563 |   2428 |   3 | 1136.7 |
       Dungeon |   3410 |   3358 |     52 |    563 |   2428 |   3 | 1136.7 |
               +--------+--------+--------+--------+--------+-----+--------+

Top non-repeatable levels by time:
     D:1: 1492 daAuts
     D:2: 1247 daAuts
     D:3: 671 daAuts
